 Dungeon Crawl Stone Soup version 0.30-a0-996-ga6910c8ee8 (webtiles) character file.

Game seed: 14254103440731261350

53 retardedninja the Trooper (level 3, -1/34 HPs)
             Began as a Naga Fighter on Apr 4, 2023.
             Slain by a kobold
             ... wielding a +0 dagger
              (3 damage)
             ... on level 1 of the Dungeon.
             The game lasted 00:01:20 (895 turns).

retardedninja the Trooper (Naga Fighter)             Turns: 895, Time: 00:01:20

Health: -1/34      AC:  9    Str: 19 (20) XL:     3   Next: 87%
Magic:  3/3        EV:  5    Int:  7 (8)  God:
Gold:   23         SH:  4    Dex:  8 (10) Spells: 2/2 levels left

rFire   . . .      SeeInvis +    a - +0 war axe
rCold   . . .      Faith    .    c - +0 buckler
rNeg    . . .      Spirit   .    b - +0 scale mail
rPois   +          Reflect  .    (no helmet)
rElec   .          Rampage  .    (no cloak)
rCorr   .                        (no gloves)
Will    .....                    e - +0 barding Stlth
                                 (no amulet)
HPRegen 0.25/turn                (no ring)
MPRegen 0.08/turn                (no ring)

@: mighty, brilliant, flying, very slow
A: AC +1, large, see invisible, deformed body, poison resistance, slowness 2,
spit poison 1, naga tail 1
a: Spit Poison


You were on level 1 of the Dungeon.
You visited 1 branch of the dungeon, and saw 2 of its levels.

You collected 23 gold pieces.

Inventory:

Hand Weapons
 a - a +0 war axe (weapon)
Armour
 b - a +0 scale mail (worn)
 c - a +0 buckler (worn)
 e - a +0 barding (worn)
Scrolls
 f - a scroll of poison {unknown}
 g - 2 scrolls of teleportation {unknown}
 i - a scroll of silence {unknown}
 j - a scroll of noise {unknown}
 m - a scroll of enchant armour {unknown}


   Skills:
 + Level 3.4 Fighting
 + Level 2.6 Axes
 + Level 2.8 Armour
 + Level 3.1 Shields


You had 2 spell levels left.
You didn't know any spells.
Your spell library was empty.

Dungeon Overview and Level Annotations

Branches:
Dungeon (2/15)

Altars:

Shops:
D:1 [


Innate Abilities, Weirdness & Mutations

Your serpentine skin is tough. (AC +1)
You have supernaturally acute eyesight. (SInv)
Armour fits poorly on your strangely shaped body.
Your system is resistant to poisons. (rPois)
You cover ground very slowly.
You can spit poison.
You have a snake-like lower body.


Message History

You fly up into the air.
The gnoll hits you but does no damage.
You aren't carrying any potions.
You block the gnoll's attack.
A kobold comes into view. It is wielding a +0 dagger.
The gnoll barely misses you. You block the kobold's attack. x2
The gnoll hits you from afar with a +0 spear.
* * * LOW HITPOINT WARNING * * *
The bat hits you but does no damage. The bat attacks as you move away!
You block the bat's attack. The bat hits you but does no damage.
The kobold hits you but does no damage. The gnoll hits you but does no damage.
You block the gnoll's attack. The kobold hits you but does no damage.
The kobold completely misses you. The kobold attacks as you move away!
The kobold hits you with a +0 dagger.
* * * LOW HITPOINT WARNING * * *
The bat barely misses you. The kobold closely misses you.
The bat hits you but does no damage. The kobold attacks as you move away!
You block the kobold's attack. You block the bat's attack.
The bat hits you but does no damage. The kobold hits you but does no damage.
The bat attacks as you move away! The bat hits you but does no damage.
The kobold attacks as you move away! The kobold hits you but does no damage.
The bat hits you but does no damage. The bat hits you but does no damage.
The bat barely misses you. The bat barely misses you.
The kobold barely misses you.
The gnoll hits you from afar with a +0 spear.
* * * LOW HITPOINT WARNING * * *
There is a stone staircase leading up, spattered with blood here.
You block the bat's attack. The bat barely misses you.
The kobold hits you but does no damage.
The gnoll hits you but does no damage. x2
You fly upwards.
There is a stone staircase leading down here.
You barely miss the kobold. You slash the gnoll!
The kobold hits you but does no damage. The gnoll hits you but does no damage.
The kobold attacks as you move away! The kobold hits you but does no damage.
The gnoll hits you with a +0 flail.
* * * LOW HITPOINT WARNING * * *
The kobold hits you with a +0 dagger.
You die...

###....... ###.........
####### #....รท......
#.....###.#.........
##..#.[...#....(....
########.................
#.....##........#........
#......#K#.....###.......
#......g@#.....# #.......
#.....#..#.....####....##
###.###..........##.##.##
#............#.......##
##..###.#........#.#....
###...###.#....###...##...
#...#.##........##........
#.###.#................###
#.# #.#.#..............# #


You could see a gnoll and a kobold.

Vanquished Creatures
  2 gnolls (D:2)
  A worm (D:2)
  A dart slug (D:1)
  4 bats
  An endoplasm (D:2)
  A goblin (D:1)
  5 hobgoblins (D:1)
  2 kobolds
  8 ball pythons (D:1)
  2 frilled lizards (D:1)
  2 rats
29 creatures vanquished.

Notes
Turn   | Place    | Note
-------+----------+-------------------------------------------
     0 | D:1      | retardedninja the Naga Fighter began the quest for the Orb.
     0 | D:1      | Reached XP level 1. HP: 21/21 MP: 1/1
    60 | D:1      | Reached XP level 2. HP: 28/28 MP: 2/2
    91 | D:1      | Found Gigroak's Antique Armour Shoppe.
   330 | D:1      | Reached XP level 3. HP: 32/34 MP: 3/3
   895 | D:1      | Slain by a kobold

Illustrated notes

Levels and vault maps discovered:
D:1:      minmay_arrival_radiant_lines, layout_rooms, serial_shops, shop,
          minmay_shallow_snake_nest
D:2:      layout_rooms

Skill      XL: |  1  2 |
---------------+-------+-----
Shields        | 3 |  3.1
Fighting       | |  3.4
Axes           | |  2.6
Armour         | |  2.8

Action                     || total
---------------------------++-------
  Melee: War axe           ||    68
    Use: Potion            ||     4
 Armour: Scale mail        ||    77
  Dodge: Dodged            ||    28
  Block: Buckler           ||    29

Table legend: (Time is in decaauts)
 A = Elapsed time spent in this place.
 B = Non-inter-level travel time spent in this place.
 C = Inter-level travel time spent in this place.
 D = Time resting spent in this place.
 E = Time spent auto-exploring this place.
 F = Levels seen in this place.
 G = Mean time per level.
                   A        B        C        D        E       F      G
               +--------+--------+--------+--------+--------+-----+--------+
         Total |   1070 |   1065 |      5 |    403 |    425 |   2 |  535.0 |
       Dungeon |   1070 |   1065 |      5 |    403 |    425 |   2 |  535.0 |
               +--------+--------+--------+--------+--------+-----+--------+

Top non-repeatable levels by time:
     D:2: 538 daAuts
     D:1: 531 daAuts
